Map: Ruins of Seras

Players

PartinG - Winner!

  • Race: Protoss Protoss
  • League: Platinum

ShoWTimE

  • Race: Protoss Protoss

Event: DreamHack ROCCAT LotV Championship

VOD

Have the link to the VOD?

Description

Time

  • Played on: Nov. 28, 2015, 12:08 p.m.
  • Length: 6:25

All games in this series

Show
View Real Time Build Order
Export as new Build Order

PartinG Protoss - Winner!

Build Orders: Nexus First 

Get SALT Encoding   

  12  0:00  Probe (Chrono Boost)  
  13  0:11  Probe (Chrono Boost)  
  14  0:19  Pylon  
  14  0:22  Probe (Chrono Boost)  
  15  0:37  Probe (Chrono Boost)  
  16  0:47  Probe (Chrono Boost)  
  17  0:58  Nexus  
  17  1:09  Gateway  
  17  1:12  Probe (Chrono Boost)  
  17  1:17  Assimilator  
  18  1:23  Probe (Chrono Boost)  
  19  1:26  Assimilator  
  19  1:33  Probe (Chrono Boost)  
  20  1:44  Probe (Chrono Boost)  
  21  1:54  Probe (Chrono Boost)  
  21  1:56  Cybernetics Core  
  22  2:05  Probe (Chrono Boost)  
  23  2:11  Probe (Chrono Boost)  
  23  2:15  Probe (Chrono Boost), Pylon  
  25  2:21  Probe (Chrono Boost)  
  26  2:26  Probe (Chrono Boost)  
  27  2:32  Stalker (Chrono Boost), Warp Gate (Chrono Boost)  
  27  2:33  Mothership Core (Chrono Boost)  
  31  2:37  Probe (Chrono Boost)  
  31  2:41  Pylon  
  32  2:49  Probe  
  32  2:51  Probe  
  32  2:57  Robotics Facility  
  33  3:04  Stalker (Chrono Boost)  
  35  3:08  Probe (Chrono Boost)  
  35  3:12  Probe (Chrono Boost)  
  37  3:19  Probe (Chrono Boost)  
  38  3:23  Gateway, Probe (Chrono Boost)  
  39  3:32  Stalker (Chrono Boost), Pylon  
  43  3:41  Probe x2 (Chrono Boost)  
  43  3:45  Pylon  
  43  3:48  Immortal, Pylon  
  47  4:03  Pylon  
  47  4:14  Pylon  
  47  4:15  Pylon  
  45  4:21  Probe x2  
  45  4:26  Pylon  
  44  4:35  Stalker x2  
  44  4:38  Pylon  
  47  4:41  Pylon  
  43  4:53  Mothership Core (Chrono Boost)  
  43  4:56  Stalker x2, Immortal (Chrono Boost)  
  45  5:19  Stalker x2  
  40  5:38  Immortal (Chrono Boost)  
  43  5:43  Stalker x2  
  46  5:50  Probe  
  46  5:51  Probe  
  42  6:12  Stalker x2  
Show
View Real Time Build Order
Export as new Build Order

ShoWTimE Protoss 

Build Orders:  

Get SALT Encoding   

  12  0:00  Probe (Chrono Boost)  
  13  0:11  Probe (Chrono Boost)  
  14  0:18  Pylon  
  14  0:22  Probe (Chrono Boost)  
  15  0:36  Probe (Chrono Boost)  
  15  0:39  Gateway  
  16  0:47  Probe (Chrono Boost)  
  17  0:50  Assimilator  
  17  0:57  Assimilator  
  17  0:58  Probe (Chrono Boost)  
  18  1:08  Probe (Chrono Boost)  
  19  1:11  Gateway  
  19  1:19  Probe (Chrono Boost)  
  20  1:27  Cybernetics Core  
  20  1:29  Probe (Chrono Boost)  
  22  1:40  Probe (Chrono Boost)  
  22  1:44  Pylon  
  22  1:50  Probe (Chrono Boost)  
  23  2:04  Stalker x2, Warp Gate (Chrono Boost)  
  27  2:16  Robotics Facility  
  27  2:34  Stalker x2  
  31  2:43  Gateway  
  31  2:51  Pylon  
  31  3:09  Immortal (Chrono Boost)  
  34  3:22  Gateway  
  34  3:46  Immortal (Chrono Boost), Pylon  
  36  4:03  Stalker  
  34  4:10  Stalker  
  34  4:11  Stalker  
  38  4:26  Stalker  
  38  4:30  Immortal (Chrono Boost)  
  44  4:39  Stalker  
  44  4:44  Pylon  
  44  4:56  Stalker  
  32  5:21  Stalker x3  
  36  5:23  Stalker  
  38  5:47  Stalker  
  38  5:48  Stalker  
  42  5:51  Stalker  
  42  5:55  Zealot  

Tags
 
Add a new tag
Caveats
  • Supply blocks, unpowered buildings, or Contaminate may cause inaccurate times.
  • Supply counts are checked every 10 seconds.